 Dungeon Crawl Stone Soup version 0.24.0-37-gcf1ca852f1 (webtiles) character file.

Game seed: 7775377849465893801, levelgen mode: deterministic

2466 Delamore the Severer (level 9, 0/70 HPs)
             Began as a Hill Orc Fighter on Nov 30, 2019.
             Was an Initiate of Okawaru.
             Slain by a soldier ant (8 damage)
             ... on level 7 of the Dungeon.
             The game lasted 00:08:04 (6932 turns).

Delamore the Severer (Hill Orc Fighter)             Turns: 6932, Time: 00:08:06

Health: 0/70       AC:  8    Str: 21    XL:     9   Next: 51%
Magic:  9/9        EV:  8    Int: 11    God:    Okawaru [......]
Gold:   148        SH:  9    Dex: 14    Spells: 8/8 levels left

rFire    . . .     SeeInvis .   o - +2 hand axe (chop)
rCold    + . .     Gourm    .   c - +0 shield
rNeg     . . .     Faith    .   w - +1 ring mail of Negligence {*Contam rC+ Int+3 Dex+3} (curse)
rPois    .         Spirit   .   (no helmet)
rElec    .         Reflect  .   (no cloak)
rCorr    +         Harm     .   (no gloves)
MR       .....                  i - +1 pair of boots
Stlth    +.........             (no amulet)
HPRegen  0.21/turn              n - ring of resist corrosion
MPRegen  0.11/turn              (no ring)

@: lethally poisoned (0 -> -57)
A: no striking features
a: Renounce Religion


You were on level 7 of the Dungeon.
You worshipped Okawaru.
Okawaru was noncommittal.
You were not hungry.

You visited 2 branches of the dungeon, and saw 9 of its levels.

You collected 346 gold pieces.
You spent 198 gold pieces at shops.

Inventory:

Hand Weapons
 a - a +0 war axe
 o - a +2 hand axe of chopping (weapon)
Armour
 c - a +0 shield (worn)
 i - a +1 pair of boots (worn)
 w - the cursed +1 ring mail of Negligence (worn) {*Contam rC+ Int+3 Dex+3}
   (You bought it in a shop on level 6 of the Dungeon)

   It affects your intelligence (+3).
   It affects your dexterity (+3).
   It protects you from cold.
   It causes magical contamination when unequipped.
   It has a curse placed upon it.
Jewellery
 n - a ring of resist corrosion (left hand)
Wands
 t - a wand of random effects (14)
 v - a wand of scattershot (7)
 A - a wand of enslavement (7)
Scrolls
 e - 3 scrolls of identify
 g - 2 scrolls of enchant armour
 j - 6 scrolls of teleportation
 k - 12 scrolls of remove curse
 l - 3 scrolls of amnesia
 r - a scroll of random uselessness
 s - 3 scrolls of enchant weapon
 u - 2 scrolls of fog
 x - 2 scrolls of magic mapping
 y - a scroll of noise {unknown}
Potions
 b - a potion of agility {unknown}
 d - 2 potions of might
 h - 2 potions of magic {unknown}
 m - a potion of degeneration
 p - 2 potions of haste
 q - a potion of curing
 z - 2 potions of mutation {unknown}
 B - 2 potions of ambrosia {unknown}
Comestibles
 f - 22 rations


   Skills:
 - Level 3.6 Fighting
 + Level 15.4 Axes
 - Level 3.2 Armour
 - Level 3.2 Shields


You had 8 spell levels left.
You didn't know any spells.
Your spell library was empty.

Dungeon Overview and Level Annotations

Branches:
Dungeon (8/15)             Temple (1/1) D:7
   Lair: D:8-11

Altars:
Ashenzari
Cheibriados
Dithmenos
Elyvilon
Fedhas
Makhleb
Nemelex Xobeh
Okawaru
Qazlal
Ru
Sif Muna
Trog
Uskayaw
Vehumet
Xom
Yredelemnul
The Shining One

Shops:
D:5 *   D:6 [%:

Annotations:
D:5 1 runed translucent door


Message History

* * * LOW HITPOINT WARNING * * *
You are more poisoned.
The soldier ant poisons you! The soldier ant stings you.
* * * LOW HITPOINT WARNING * * *
You hit the soldier ant but do no damage.
The soldier ant is severely wounded.
You hit the soldier ant.
* * * LOW HITPOINT WARNING * * *
You feel very sick. The soldier ant stings you.
* * * LOW HITPOINT WARNING * * *
You are more poisoned.
The soldier ant poisons you!
You hit the soldier ant but do no damage.
The soldier ant is severely wounded.
You hit the soldier ant.
* * * LOW HITPOINT WARNING * * *
You feel very sick. The soldier ant stings you!
You die...

##.......# ##...#########.###.#
##.##.##.# #.....##........##.#
##.##.##.#####...###.#####..##.#
##.##.##.............# #..##.#
......#########.###### #.....#
##.#### #.# ##.#### #.# ##'## #.#
#.# ##..a## #.# #.#### ##...@a##
###.# #.##.## ##.......## ##.#.#
##.#...####.........####....#####
..........'.........'............
.#.#...####.........####....#####
.#.##..# ##.......## ##.#.#
.#.###.# ##.....## ###.##
.#.(.#.# ##...## ##..<## .###(#.#
##'## ##.....#


You could see 2 soldier ants.

Vanquished Creatures
  Edmund (D:6)
  Menkaure (D:6)
  A soldier ant (D:7)
  A phantom (D:4)
  4 black bears (D:7)
  2 orc warriors (D:6)
  A sky beast (D:6)
  2 ogres (D:5)
  A centaur (D:7)
  2 bullfrogs
  3 scorpions (D:5)
  A crimson imp (D:5)
  A hound (D:4)
  A jelly (D:5)
  An orc priest (D:6)
  2 iguanas
  6 orc wizards
  A centaur skeleton (D:4)
  Jessica (D:3)
  A bullfrog skeleton (D:5)
  9 worker ants
  A hound skeleton (D:4)
  A howler monkey zombie (D:5)
  4 gnolls (D:5)
  5 adders
  3 adder skeletons
  2 worms
  A dart slug (D:1)
  A leopard gecko (D:4)
  15 orcs
  8 bats
  10 giant cockroaches
  3 goblins
  8 hobgoblins
  9 jackals
  7 kobolds
  3 quokkas
  A ball python (D:7)
  4 frilled lizards
  A jackal zombie (D:6)
  A leopard gecko zombie (D:5)
  A quokka skeleton (D:4)
  A quokka zombie (D:5)
  7 rats
  2 butterflies (D:5)
142 creatures vanquished.

Notes
Turn   | Place    | Note
-------+----------+-------------------------------------------
     0 | D:1      | Delamore the Hill Orc Fighter began the quest for the Orb.
     0 | D:1      | Reached XP level 1. HP: 19/19 MP: 1/1
    38 | D:1      | Reached skill level 3 in Axes
   119 | D:1      | Reached XP level 2. HP: 26/26 MP: 2/2
   247 | D:1      | Reached skill level 4 in Axes
   362 | D:1      | Reached XP level 3. HP: 20/31 MP: 3/3
   905 | D:2      | Reached skill level 5 in Axes
  1135 | D:2      | You fall into a shaft and drop 2 floors!
  1142 | D:4      | Found a sacrificial altar of Ru.
  1151 | D:4      | Reached XP level 4. HP: 39/39 MP: 4/4
  1164 | D:4      | Reached skill level 6 in Axes
  1293 | D:4      | Found a white marble altar of Elyvilon.
  1305 | D:4      | Noticed a phantom
  1326 | D:4      | Killed a phantom
  1326 | D:4      | Reached skill level 7 in Axes
  1326 | D:4      | Reached XP level 5. HP: 32/45 MP: 5/5
  1463 | D:3      | Noticed Jessica
  1470 | D:3      | Killed Jessica
  1470 | D:3      | Reached skill level 8 in Axes
  1470 | D:3      | Reached XP level 6. HP: 51/51 MP: 6/6
  1551 | D:2      | Found a shimmering blue altar of Sif Muna.
  2175 | D:3      | Found a blossoming altar of Fedhas.
  2479 | D:4      | Reached skill level 9 in Axes
  2717 | D:5      | Entered Level 5 of the Dungeon
  2717 | D:5      | Found Xequ's Lightly-Used Armoury.
  2721 | D:5      | Reached XP level 7. HP: 57/57 MP: 7/7
  2762 | D:5      | Reached skill level 10 in Axes
  3285 | D:5      | Reached skill level 11 in Axes
  3527 | D:5      | Found a runed translucent door.
  3528 | D:5      | Found a runed translucent door.
  3544 | D:5      | Reached XP level 8. HP: 55/64 MP: 8/8
  3572 | D:5      | Reached skill level 12 in Axes
  3949 | D:6      | Noticed Menkaure
  3950 | D:6      | Found Koimm's Food Emporium.
  3963 | D:6      | Killed Menkaure
  4235 | D:6      | Found Foasovvo's Book Emporium.
  4255 | D:6      | Found Digit's Antique Armour Shoppe.
  4258 | D:6      | Bought a bronze ring mail for 198 gold pieces
  4268 | D:6      | Identified the cursed +1 ring mail of Negligence {*Contam
                  | rC+ Int+3 Dex+3} (You bought it in a shop on level 6 of the
                  | Dungeon)
  4348 | D:6      | Reached skill level 13 in Axes
  4961 | D:6      | Reached XP level 9. HP: 62/70 MP: 9/9
  5091 | D:6      | Noticed Edmund
  5117 | D:6      | Killed Edmund
  5117 | D:6      | Reached skill level 14 in Axes
  5373 | D:7      | Found a staircase to the Ecumenical Temple.
  5387 | Temple   | Entered the Ecumenical Temple
  5445 | Temple   | Became a worshipper of Warmaster Okawaru
  5706 | D:7      | Found a bloodstained altar of Trog.
  6016 | D:7      | Reached skill level 15 in Axes
  6932 | D:7      | Slain by a soldier ant

Levels and vault maps discovered:
D:1:      dpeg_arrival_simpleton_b, layout_loops_ring
D:2:      layout_loops_ring, lemuel_round_altar
D:3:      layout_rooms, fedhas_ov_isle_minmay, uniq_jessica
D:4:      layout_basic, nicolae_ru_great_annihilating_truth, first_ration,
          elyvilon_altar_3
D:5:      lemuel_insect_pit, layout_basic, minmay_shop_damaged
D:6:      layout_basic, serial_shops, shop, shop, nicolae_shop_behind_doors,
          uniq_menkaure, uniq_edmund
D:7:      layout_loops_corners, trog_ov_bears_minmay,
          minmay_temple_entry_mini_moons
D:8:      layout_loops_ring, kennysheep_little_box, overflow_temple_1_default,
          lemuel_crystal_altar, grunt_gozag_statues, basic_altar, minivault_29,
          uniq_joseph
Temple:   cyrus_circular_temple

Skill      XL: |  1  2  3  4  5  6  7  8  9 |
---------------+----------------------------+-----
Axes           | 3 4 5 7 8 9 11 13 15 | 15.4
Fighting       | |  3.6
Armour         | |  3.2
Shields        | |  3.2

Action                   |  1- 3 |  4- 6 |  7- 9 || total
-------------------------+-------+-------+-------++-------
Melee: War axe           |    98 |     8 |       ||   106
       Hand axe          |       |   124 |   315 ||   439
  Use: Scroll            |       |       |     8 ||     8
       Potion            |       |       |     6 ||     6
  Eat: Chunk             |     1 |     5 |    13 ||    19
Armor: Scale mail        |    47 |    40 |    36 ||   123
       Ring mail         |       |       |    46 ||    46
       Skin              |       |       |     1 ||     1
Dodge: Dodged            |    28 |    35 |    71 ||   134
Block: Shield            |    60 |    55 |   111 ||   226
